 Dungeon Crawl Stone Soup version 0.18.1-8-gdd0e5ea (webtiles) character file.

2199 shmeve the Blocker (level 9, -2/81 HPs)
             Began as a Minotaur Fighter on May 21, 2016.
             Was a Priest of Trog.
             Killed from afar by an electric eel (8 damage)
             ... with a bolt of electricity
             ... on level 7 of the Dungeon.
             The game lasted 00:11:56 (5424 turns).

shmeve the Blocker (Minotaur Fighter)               Turns: 5424, Time: 00:11:57

Health: -2/81      AC: 12    Str: 24    XL:     9   Next: 12%
Magic:  8/8        EV:  7    Int:  5    God:    Trog [***...]
Gold:   355        SH: 11    Dex: 10    Spells: 0 memorised, 8 levels left

rFire  . . .     SeeInvis +     a - +0 war axe
rCold  . . .     Gourm    .     h - +0 plate armour
rNeg   . . .     Faith    .     c - +0 shield
rPois  .         Spirit   .     (helmet restricted)
rElec  .         Dismiss  .     (no cloak)
rCorr  .         Reflect  .     (no gloves)
SustAt .         Harm     .     (no boots)
MR     .....                    (no amulet)
Stlth  ..........               (no ring)
                                E - ring of see invisible

@: not resistant to hostile enchantments, extremely unstealthy
A: retaliatory headbutt, horns 2
a: Berserk, Trog's Hand, Burn Spellbooks, Renounce Religion


You were on level 7 of the Dungeon.
You worshipped Trog.
Trog was most pleased with you.
You were very hungry.

You visited 2 branches of the dungeon, and saw 8 of its levels.
You also visited: Ossuary.

You collected 405 gold pieces.
You spent 50 gold pieces at shops.

Inventory:

Hand Weapons
 a - a +0 war axe (weapon)
Armour
 c - a +0 shield (worn)
 h - a +0 plate armour (worn)
Jewellery
 E - a ring of see invisible (left hand)
Wands
 b - a wand of acid (4/15)
 o - a wand of flame (33/48)
 C - a wand of digging (19/24)
 D - a wand of digging (14/24)
Scrolls
 e - 2 scrolls of teleportation {unknown}
 j - 6 scrolls of identify {unknown}
 l - 3 scrolls of amnesia {unknown}
 p - a scroll of random uselessness {unknown}
 q - 3 scrolls of remove curse {unknown}
 t - a scroll of enchant armour {unknown}
 y - 2 scrolls of blinking {unknown}
 A - a scroll of noise {unknown}
 F - a scroll of magic mapping {unknown}
 G - a scroll of torment {unknown}
Potions
 d - 2 potions of cancellation {unknown}
 g - 2 potions of magic {unknown}
 i - 2 potions of flight {unknown}
 k - 2 potions of haste {unknown}
 m - 4 potions of heal wounds
 n - 3 potions of brilliance {unknown}
 r - 4 potions of degeneration {unknown}
 s - a potion of mutation {unknown}
 v - 2 potions of berserk rage {unknown}
 z - a potion of resistance {unknown}
 B - 3 potions of curing
 H - a potion of lignification {unknown}
Comestibles
 f - 4 bread rations
 u - a slice of pizza
 w - a beef jerky
 x - 4 fruits


   Skills:
 * Level 8.2 Fighting
 * Level 7.4 Axes
 + Level 6.3 Armour
 + Level 4.0 Dodging
 * Level 8.4 Shields


You had 8 spell levels left.
You didn't know any spells.

Dungeon Overview and Level Annotations

Branches:
Dungeon (7/15)             Temple (1/1) D:4

Altars:
Ashenzari
Dithmenos
Elyvilon
Fedhas
Kikubaaqudgha
Makhleb
Nemelex Xobeh
Pakellas
Qazlal
Ru
Sif Muna
Trog
Vehumet
Xom
Yredelemnul
Zin
The Shining One

Shops:
D:4 !

Annotations:
D:4 Edmund


Innate Abilities, Weirdness & Mutations

You reflexively headbutt those who attack you in melee.
You have a pair of horns on your head.


Message History

Found an escape hatch in the floor.
You enter the shallow water.
Moving in this stuff is going to be slow.
The electric eel shoots out a bolt of lightning at you!
The bolt of electricity hits you!
The bolt of electricity hits the plant.
Your unstable footing causes you to fumble your attack.
The electric eel shoots out a bolt of lightning at you!
The bolt of electricity hits you!
* * * LOW HITPOINT WARNING * * *
The bolt of electricity hits the plant.
You closely miss the electric eel. You hit the plant but do no damage.
The plant is almost destroyed.
The electric eel shoots out a bolt of lightning at you!
The bolt of electricity hits you!
* * * LOW HITPOINT WARNING * * *
The bolt of electricity hits the plant.
Your unstable footing causes you to fumble your attack.
The electric eel shoots out a bolt of lightning at you!
The bolt of electricity hits you!
You die...

#.## #.♣≈♣♣♣♣####
≈PP≈≈≈P♣...
#♣≈≈≈P≈≈P≈P♣♣ ##
#≈≈≈≈≈≈≈≈≈≈≈♣♣♣..
###♣≈≈≈≈≈≈≈≈≈≈P≈P≈≈.
>.≈P≈P≈≈;≈≈≈≈P≈≈≈P≈
..P$≈≈.@PP≈≈≈≈P≈≈≈♣
........≈..≈≈≈≈♣♣♣
.................#
♣P≈≈.............#
♣≈♣PPP≈≈≈≈.≈....#####.#
# ♣♣≈≈≈≈≈≈≈≈≈≈.[......#
♣≈≈P♣PP≈♣≈##..######
#♣♣♣♣♣♣♣♣###..#
♣♣♣#.###..######


You could see an electric eel.

Vanquished Creatures
  Grinder (D:4)
  A hippogriff (D:5)
  An orc warrior (D:6)
  A sky beast (D:5)
  An ogre (D:6)
  2 centaurs (D:5)
  A giant frog (D:6)
  2 elf zombies (Ossuary)
  2 scorpions (D:6)
  5 wights (D:6)
  A howler monkey (D:4)
  2 crimson imps
  3 centaur zombies
  A jelly (D:5)
  A quasit (D:5)
  A giant frog skeleton (D:6)
  2 orc priests
  An orc wizard (D:6)
  A gnoll shaman (D:5)
  Natasha (D:3)
  3 worker ants
  3 ogre zombies (Ossuary)
  A hound skeleton (D:4)
  8 mummies
  Robin (D:4)
  4 gnolls (D:5)
  4 adders
  2 shadow imps (D:5)
  An ooze (D:1)
  3 adder zombies (Ossuary)
  3 worms (D:2)
  A dart slug (D:1)
  A giant gecko (D:6)
  22 orcs
  2 ball pythons
  6 bats
  2 giant cockroaches
  A gnoll zombie (Ossuary)
  17 goblins
  13 hobgoblins
  13 jackals
  9 kobolds
  3 quokkas
  A giant gecko skeleton (D:6)
  A giant gecko zombie (D:5)
  4 giant newts
  3 goblin zombies (Ossuary)
  4 hobgoblin zombies (Ossuary)
  6 kobold zombies (Ossuary)
  A quokka skeleton (D:6)
  4 quokka zombies (Ossuary)
  8 rats
  2 rat zombies (Ossuary)
188 creatures vanquished.

Vanquished Creatures (others)
  A shadow imp (D:5)
1 creature vanquished.

Grand Total: 189 creatures vanquished

Notes
Turn   | Place    | Note
--------------------------------------------------------------
     0 | D:1      | shmeve the Minotaur Fighter began the quest for the Orb.
     0 | D:1      | Reached XP level 1. HP: 19/19 MP: 0/0
   221 | D:1      | Reached XP level 2. HP: 27/27 MP: 1/1
   443 | D:1      | Reached XP level 3. HP: 31/33 MP: 2/2
   934 | D:2      | You fall through a shaft for 2 floors!
   952 | D:4      | Reached skill level 1 in Dodging
   952 | D:4      | Reached XP level 4. HP: 38/41 MP: 3/3
   953 | D:4      | Found a sand-covered staircase.
   962 | Ossuary  | Entered an ossuary
   989 | Ossuary  | Reached skill level 5 in Fighting
   989 | Ossuary  | Reached XP level 5. HP: 43/48 MP: 4/4
  1067 | Ossuary  | Reached skill level 5 in Shields
  1073 | Ossuary  | HP: 2/48 [ogre zombie (6)]
  1074 | Ossuary  | Reached XP level 6. HP: 3/56 MP: 5/5
  1680 | D:4      | Noticed Edmund
  1747 | D:4      | Found a sacrificial altar of Ru.
  1750 | D:4      | Found a shadowy altar of Dithmenos.
  1751 | D:4      | Found a radiant altar of Vehumet.
  1794 | D:4      | Found a staircase to the Ecumenical Temple.
  1802 | D:4      | Noticed Grinder
  1806 | D:4      | Paralysed by Grinder for 7 turns
  1823 | Temple   | Entered the Ecumenical Temple
  1841 | Temple   | Became a worshipper of Trog the Wrathful
  1925 | D:4      | Killed Grinder
  1925 | D:4      | Reached skill level 5 in Axes
  1925 | D:4      | Reached XP level 7. HP: 41/63 MP: 6/6
  2046 | D:3      | Noticed Natasha
  2059 | D:3      | Killed Natasha
  2448 | D:3      | Reached * piety under Trog
  2454 | D:3      | Found a bloodstained altar of Trog.
  2951 | D:4      | Noticed Robin
  2963 | D:4      | Reached skill level 5 in Armour
  2963 | D:4      | Killed Robin
  2966 | D:4      | Reached ** piety under Trog
  3066 | D:4      | Found Ytynu's Distillery.
  3072 | D:4      | Bought a potion of heal wounds for 50 gold pieces
  3110 | D:4      | Found a deep blue altar of Sif Muna.
  3290 | D:5      | Entered Level 5 of the Dungeon
  3360 | D:5      | Found a basalt altar of Yredelemnul.
  3362 | D:5      | Found a sparkling altar of Nemelex Xobeh.
  3366 | D:5      | Found a white marble altar of Elyvilon.
  3447 | D:5      | Found an oddly glowing altar of Pakellas.
  3579 | D:5      | Noticed a hippogriff
  3594 | D:5      | Reached XP level 8. HP: 46/71 MP: 7/7
  4040 | D:5      | Reached *** piety under Trog
  4100 | D:5      | Found a glowing silver altar of Zin.
  4728 | D:6      | Reached XP level 9. HP: 81/81 MP: 8/8
  4898 | D:6      | Found a shattered altar of Ashenzari.
  5088 | D:6      | Found a glowing golden altar of the Shining One.
  5424 | D:7      | Killed from afar by an electric eel

Skill      XL: |  1  2  3  4  5  6  7  8  9 |
---------------+----------------------------+-----
Axes           | 3 4 5 7 |  7.4
Fighting       | 4 5 6 8 |  8.2
Shields        | 4 5 7 8 |  8.4
Dodging        | 1 2 3 4 |  4.0
Armour         | 4 5 6 |  6.3

Action                   |  1- 3 |  4- 6 |  7- 9 || total
-------------------------+-------+-------+-------++-------
Melee: War axe           |    73 |   169 |   264 ||   506
       Headbutt          |    12 |    38 |    40 ||    90
Invok: Burn Spellbooks   |       |       |     5 ||     5
       Berserk           |       |       |     2 ||     2
Evoke: Wand              |     3 |       |       ||     3
  Use: Potion            |       |     1 |       ||     1
  Eat: Bread ration      |       |     1 |       ||     1
       Chunk             |       |       |    12 ||    12
Armor: Scale mail        |     9 |       |       ||     9
       Plate armour      |    35 |    74 |   170 ||   279
Dodge: Dodged            |    11 |    26 |    83 ||   120
Block: Shield            |    45 |    76 |   200 ||   321
